 Seeded DCSS version 0.30-a0-924-g0ad0bf95bc (webtiles) character file.

Game seed: 236375050410075671 (custom seed)

11 Mickster the Ogre Mage (level 2, -1/26 HPs)
             Began as an Ogre Hedge Wizard on Mar 23, 2023.
             Slain by a gnoll
             ... wielding a +0 flail
              (2 damage)
             ... on level 2 of the Dungeon.
             The game lasted 00:12:22 (727 turns).

Mickster the Ogre Mage (Ogre Hedge Wizard)           Turns: 727, Time: 00:12:22

Health: -1/26      AC:  3    Str: 13    XL:     2   Next: 29%
Magic:  2/6        EV:  9    Int: 15    God:
Gold:   60         SH:  0    Dex:  8    Spells: 7/8 levels left

rFire   . . .      SeeInvis .    g - +1 mace
rCold   . . .      Faith    .    (no shield)
rNeg    . . .      Spirit   .    b - +0 robe
rPois   .          Reflect  .    c - +0 hat
rElec   .          Rampage  .    (no cloak)
rCorr   .                        (gloves unavailable)
Will    .....                    (boots unavailable)
Stlth   +                        (no amulet)
HPRegen 0.24/turn                (no ring)
MPRegen 0.10/turn                (no ring)

@: no status effects
A: large, unfitting armour, tough skin 1
a: no special abilities


You were on level 2 of the Dungeon.
You visited 1 branch of the dungeon, and saw 2 of its levels.

You collected 60 gold pieces.

Inventory:

Hand Weapons
 a - a +0 dagger
 g - a +1 mace (weapon)
Missiles
 l - 2 poisoned darts
Armour
 b - a +0 robe (worn)
 c - a +0 hat (worn)
Potions
 d - a potion of magic
 e - a potion of heal wounds {unknown}
 f - a potion of curing
 j - 2 potions of degeneration (quivered) {unknown}


   Skills:
 * Level 0.6 Fighting
 * Level 0.2 Maces & Flails
 + Level 1.8 Dodging
 + Level 1.4 Stealth
 + Level 3.8 Spellcasting
 * Level 1.2 Conjurations
 * Level 1.1 Summonings
 - Level 0.8 Translocations


You had 7 spell levels left.
You knew the following spells:

 Your Spells              Type           Power      Damage    Failure   Level
a - Magic Dart            Conj           24%        1d4       11%         1

Your spell library contained the following spells:

 Spells                   Type           Power      Damage    Failure   Level
 Slow                     Hex            8%         N/A       19%         1
 Call Imp                 Summ           6%         N/A       19%         2
 Blink                    Tloc           10%        N/A       21%         2
 Cigotuvi's Dreadful Rot  Necr/Pois/Air  4%         N/A       28%         2
 Mephitic Cloud           Conj/Pois/Air  4%         N/A       43%         3


Dungeon Overview and Level Annotations

Branches:
Dungeon (2/15)

Altars:

Shops:
D:1 ?


Innate Abilities, Weirdness & Mutations

You are too large for most types of armour.
You have tough skin. (AC +1)


Message History

The magic dart hits the bat.
You kill the bat!
You see here a ball python corpse.
A giant cockroach comes into view.
Found an escape hatch in the ceiling.
Found a whip.
e - a bubbling clear potion A gnoll comes into view.
It is wielding a +0 flail.
The gnoll shouts!
Casting: Magic Dart (safe; 11% risk of failure)
Confirm with . or Enter, or press ? or * to list all spells.
Aiming: Magic Dart (safe; 11% risk of failure)
Press: ? - help, Shift-Dir - straight line, f - gnoll
Aim: a gnoll, wielding a +0 flail (100% to hit)
The magic dart hits the gnoll.
The gnoll is lightly wounded.
A gnoll comes into view. It is wielding a +0 flail.
The gnoll shouts!
You hear a shout!
The gnoll attacks as you move away! The gnoll closely misses you.
A gnoll comes into view. It is wielding a +0 club.
You hit the gnoll but do no damage.
The gnoll is lightly wounded.
A gnoll comes into view. It is wielding a +0 halberd.
The gnoll hits you with a +0 flail.
You barely miss the gnoll.
The gnoll is lightly wounded.
The gnoll hits you with a +0 flail.
You closely miss the gnoll.
The gnoll is lightly wounded.
The gnoll shouts!
The gnoll hits you with a +0 flail! The gnoll barely misses you.
You hit the gnoll.
The gnoll is moderately wounded.
The gnoll barely misses you.
You closely miss the gnoll.
The gnoll is moderately wounded.
The gnoll barely misses you. The gnoll hits you with a +0 flail!
* * * LOW HITPOINT WARNING * * *
The gnoll hits you with a +0 flail.
You die...

......
.......#########
...............#
#.#...........##
#......$..>..... ..
#.................
#.....gg......# .#
#.......g....###.####
##......g@...........#
......................
#....<......>.......(.
#.#...........<.......
#.#...................
#.............†.......
#.....................
#.#.................##
...#...............##


You could see 4 gnolls.

Vanquished Creatures
  2 ball pythons
  2 bats
  An endoplasm (D:1)
  2 giant cockroaches (D:1)
  A goblin (D:1)
  A hobgoblin (D:1)
  A rat (D:2)
10 creatures vanquished.

Notes
Turn   | Place    | Note
-------+----------+-------------------------------------------
     0 | D:1      | Mickster the Ogre Hedge Wizard began the quest for the Orb.
     0 | D:1      | Reached XP level 1. HP: 16/16 MP: 5/5
   177 | D:1      | Reached skill level 1 in Conjurations
   401 | D:1      | Reached XP level 2. HP: 25/26 MP: 6/6
   499 | D:1      | Found Muagh's Magic Scroll Shop.
   507 | D:1      | Reached skill level 1 in Summonings
   727 | D:2      | HP: 1/26 [gnoll/+0 flail (8)]
   727 | D:2      | Slain by a gnoll

Illustrated notes

Levels and vault maps discovered:
D:1:      arrival_zaba_pyramid, layout_rooms, serial_shops, shop
D:2:      layout_rooms, serial_shops, nicolae_diamond_shop,
          nicolae_concentric_dashed_squares_wild, minmay_lizard_pond

Skill      XL: |  1  2 |
---------------+-------+-----
Conjurations   | 1 |  1.2
Summonings     | 1 |  1.1
Fighting       | |  0.6
Maces & Flails | |  0.2
Dodging        | |  1.8
Stealth        | |  1.4
Spellcasting   | |  3.8
Translocations | |  0.8

Action                     || total
---------------------------++-------
  Melee: Dagger            ||    10
         Mace              ||    16
   Cast: Magic Dart        ||    19
    Use: Potion            ||     3
         Scroll            ||     3
 Armour: Robe              ||    14
  Dodge: Dodged            ||    14

Table legend: (Time is in decaauts)
 A = Elapsed time spent in this place.
 B = Non-inter-level travel time spent in this place.
 C = Inter-level travel time spent in this place.
 D = Time resting spent in this place.
 E = Time spent auto-exploring this place.
 F = Levels seen in this place.
 G = Mean time per level.
                   A        B        C        D        E       F      G
               +--------+--------+--------+--------+--------+-----+--------+
         Total |    744 |    689 |     55 |    140 |      0 |   2 |  372.0 |
       Dungeon |    744 |    689 |     55 |    140 |      0 |   2 |  372.0 |
               +--------+--------+--------+--------+--------+-----+--------+

Top non-repeatable levels by time:
     D:1: 712 daAuts
     D:2: 32 daAuts
